 Dungeon Crawl Stone Soup version 0.24.1-11-gbbbb2193e6 (webtiles) character file.

Game seed: 5786305183202064658, levelgen mode: deterministic

154 Hugehornet the Insei (level 5, 0/33 HPs)
             Began as an Octopode Transmuter on May 12, 2020.
             Slain by a frilled lizard (2 damage)
             ... on level 4 of the Dungeon.
             The game lasted 00:05:05 (4064 turns).

Hugehornet the Insei (Octopode Transmuter)          Turns: 4064, Time: 00:05:06

Health: 0/33       AC:  2    Str:  9    XL:     5   Next: 35%
Magic:  7/9        EV: 19    Int: 22    God:
Gold:   144        SH:  0    Dex: 17    Spells: 0/10 levels left

rFire    . . .     SeeInvis .     - Unarmed
rCold    + . .     Gourm    .   (shield currently unavailable)
rNeg     . . .     Faith    .   (helmet currently unavailable)
rPois    x         Spirit   .   (no amulet)
rElec    .         Reflect  .   f - ring of protection from cold
rCorr    .         Harm     .   i - +5 ring of intelligence
MR       .....                  (no ring)
Stlth    ++........             (no ring)
HPRegen  0.11/turn              (no ring)
MPRegen  0.11/turn              (no ring)
                                (no ring)
                                (no ring)

@: spider-form
A: tiny, almost no armour, stealthy swim, (amphibious), 8 rings, (constrict 8)
a: End Transformation


You were on level 4 of the Dungeon.
You were not hungry.
You were a venomous arachnid creature.
You visited 1 branch of the dungeon, and saw 4 of its levels.

You collected 144 gold pieces.

Inventory:

Missiles
 a - 25 arrows
Jewellery
 f - a ring of protection from cold (left front leg)
 i - a +5 ring of intelligence (right front leg)
Scrolls
 b - 4 scrolls of identify {unknown}
 d - 3 scrolls of enchant armour {unknown}
 h - 3 scrolls of remove curse {unknown}
 j - a scroll of blinking {unknown}
 k - 2 scrolls of enchant weapon {unknown}
 p - a scroll of fog {unknown}
 q - a scroll of teleportation {unknown}
Potions
 e - 3 potions of haste {unknown}
 g - 2 potions of curing {unknown}
 l - a potion of mutation {unknown}
 m - a potion of might {unknown}
 n - a potion of heal wounds {unknown}
 o - a potion of brilliance {unknown}
 s - a potion of cancellation {unknown}
Comestibles
 c - 14 rations


   Skills:
 - Level 1.0 Fighting
 - Level 2.0 Dodging
 + Level 3.4 Unarmed Combat
 + Level 3.0 Spellcasting
 * Level 3.2 Transmutations
 * Level 0.7 Ice Magic
 - Level 3.0 Poison Magic


You couldn't memorise any spells.
You knew the following spells:

 Your Spells              Type           Power        Failure   Level  Hunger
a - Beastly Appendage     Tmut           ###...       11%         1    None
b - Sticks to Snakes      Tmut           ###.....     14%         2    ##.....
c - Spider Form           Tmut/Pois      ###.......   26%         3    ###....
d - Ice Form              Ice/Tmut       ##......     71%         4    ####...

Your spell library contained the following spells:

 Spells                   Type           Power        Failure   Level  Hunger
 Blade Hands              Tmut           ###.......   85%         5    ######.


Dungeon Overview and Level Annotations

Branches:
Dungeon (4/15)
 Temple: D:4-7

Altars:
Elyvilon
Gozag
Hepliaklqana
Kikubaaqudgha
Qazlal

Annotations:
D:4 Dowan, Purgy


Innate Abilities, Weirdness & Mutations

You cannot wear most types of armour.
You are very stealthy in the water. (Stealth+)
((You are amphibious.))
You can wear up to eight rings at the same time.
((You can use your tentacles to constrict eight enemies at once.))
((Your skin changes colour to match your surroundings (Stealth+).))
((Your rubbery body absorbs attacks. (AC +1, EV +1)))


Message History

Purgy closely misses you. x2; Purgy barely misses you.
The frilled lizard bites you but does no damage.
You hit Purgy.
Purgy looks as sick as possible!
Purgy is moderately wounded.
Purgy bites you but does no damage. Purgy claws you. Purgy barely misses you.
You closely miss Purgy.
Purgy is moderately wounded.
The frilled lizard barely misses you.
You hit Purgy.
Purgy looks as sick as possible!
Purgy is severely wounded.
Purgy barely misses you. Purgy claws you.
* * * LOW HITPOINT WARNING * * *
Purgy closely misses you. The frilled lizard misses you.
You hit Purgy.
Purgy looks as sick as possible!
Purgy is severely wounded.
Purgy bites you.
* * * LOW HITPOINT WARNING * * *
Purgy closely misses you. Purgy barely misses you.
The frilled lizard bites you.
You die...

##..# ####.
#..# ..#.
.$.? ...
#.## #..#
.. #?..###
#.... #...#
#..s#
#.T.l..#
#.#.##.....
#.#.. ....
# ### #.. #


You could see Purgy and a frilled lizard.

Vanquished Creatures
  Robin (D:3)
  3 adders
  An ooze (D:2)
  6 dart slugs
  3 worms (D:2)
  2 leopard geckos
  3 orcs (D:3)
  2 giant cockroaches
  12 goblins
  7 hobgoblins
  7 jackals (D:3)
  6 kobolds
  2 quokkas (D:2)
  3 ball pythons
  12 bats
  7 frilled lizards
  8 rats
85 creatures vanquished.

Notes
Turn   | Place    | Note
-------+----------+-------------------------------------------
     0 | D:1      | Hugehornet the Octopode Transmuter began the quest for the
                  | Orb.
     0 | D:1      | Reached XP level 1. HP: 13/13 MP: 3/3
   307 | D:1      | Reached XP level 2. HP: 16/18 MP: 3/5
   311 | D:1      | Learned a level 2 spell: Sticks to Snakes
   867 | D:1      | Reached XP level 3. HP: 22/23 MP: 4/6
   872 | D:1      | Learned a level 3 spell: Spider Form
  1455 | D:2      | Reached skill level 1 in Poison Magic
  1807 | D:2      | Reached XP level 4. HP: 24/28 MP: 6/8
  2071 | D:2      | Found a white marble altar of Elyvilon.
  2075 | D:2      | Found a stormy altar of Qazlal.
  2083 | D:2      | Found an opulent altar of Gozag.
  2083 | D:2      | Found an ancient bone altar of Kikubaaqudgha.
  2361 | D:2      | Found a hazy altar of Hepliaklqana.
  3066 | D:3      | Reached XP level 5. HP: 13/33 MP: 9/9
  3072 | D:3      | Learned a level 4 spell: Ice Form
  3534 | D:3      | Identified the +1 helmet "Ynaillod" {rPois rN+ rCorr Dex-4}
  3534 | D:3      | Noticed Robin
  3540 | D:3      | Killed Robin
  4032 | D:4      | Noticed Dowan
  4054 | D:4      | Noticed Purgy
  4064 | D:4      | Slain by a frilled lizard

Levels and vault maps discovered:
D:1:      co_arrival_square_in_a_square_in_a_square, layout_basic
D:2:      layout_rooms, minitemple
D:3:      layout_loops_ring, uniq_robin
D:4:      layout_rooms, first_ration, minmay_between, uniq_pikel,
          uniq_blork_the_orc, uniq_purgy, uniq_eustachio, uniq_duvessa

Skill      XL: |  1  2  3  4  5 |
---------------+----------------+-----
Transmutations | 3 |  3.2
Poison Magic   | 1 2 3 |  3.0
Spellcasting   | 3 |  3.0
Fighting       | |  1.0
Dodging        | |  2.0
Unarmed Combat | |  3.4
Ice Magic      | |  0.7

Action                   |  1- 3 |  4- 6 || total
-------------------------+-------+-------++-------
Melee: Unarmed           |    80 |   107 ||   187
       Constrict         |    29 |    26 ||    55
       Kick              |    20 |    35 ||    55
       Punch             |     2 |       ||     2
       Tentacles         |     9 |    10 ||    19
 Cast: Beastly Appendage |    25 |    19 ||    44
       Spider Form       |       |     2 ||     2
 Stab: Sleeping          |     2 |     1 ||     3
  Eat: Chunk             |     3 |     7 ||    10
Armor: Skin              |     7 |    13 ||    20
Dodge: Dodged            |    51 |    83 ||   134
